Map: Acropolis LE

Players

susanoo - Winner!

  • Race: Zerg Zerg
  • League: Diamond
  • Spawn Location: 11:00

A.I. 1 (Easy)

  • Race: Terran Terran
  • Spawn Location: 5:00

VOD

Have the link to the VOD?

Description

Time

  • Played on: July 17, 2019, 1:34 p.m.
  • Length: 7:49
Show
View Real Time Build Order
Export as new Build Order

susanoo Zerg - Winner!

Build Orders: Pool First 

Get SALT Encoding   

  12  0:01  Drone  
  13  0:12  Overlord  
  13  0:16  Drone  
  14  0:31  Drone x2  
  14  0:34  Drone  
  17  0:46  Spawning Pool  
  17  0:48  Drone  
  17  0:56  Drone  
  18  1:13  Hatchery  
  18  1:15  Extractor  
  18  1:18  Drone  
  17  1:21  Drone  
  18  1:28  Drone  
  19  1:34  Queen  
  19  1:39  Zergling x2  
  22  1:50  Overlord  
  22  2:08  Drone  
  23  2:09  Queen  
  23  2:13  Drone  
  26  2:24  Queen  
  26  2:25  Drone x2  
  30  2:33  Drone  
  30  2:36  Drone  
  32  2:42  Overlord  
  32  2:45  Drone, Queen  
  32  2:48  Drone  
  32  2:50  Drone  
  36  2:55  Overlord  
  36  3:08  Drone x4  
  40  3:19  Drone x2  
  42  3:24  Lair  
  42  3:27  Extractor  
  42  3:29  Extractor  
  42  3:33  Roach Warren  
  39  3:36  Drone x2  
  39  3:37  Evolution Chamber  
  39  3:39  Evolution Chamber  
  39  3:40  Drone  
  40  3:44  Drone x2  
  40  3:46  Drone  
  43  3:52  Drone x3  
  46  4:03  Zerg Missile Weapons Level 1  
  46  4:04  Zerg Ground Armor Level 1  
  46  4:06  Drone  
  46  4:08  Drone  
  48  4:10  Drone  
  48  4:12  Drone  
  48  4:15  Roach  
  52  4:21  Overseer, Glial Reconstitution  
  52  4:25  Overseer  
  52  4:32  Overlord x2  
  52  4:46  Roach  
  52  4:50  Roach x4  
  52  4:52  Overlord x2  
  60  4:59  Ravager  
  61  5:03  Roach x2  
  64  5:10  Roach  
  64  5:11  Roach  
  64  5:13  Roach x3  
  74  5:23  Roach  
  74  5:24  Roach x3  
  82  5:33  Roach  
  82  5:35  Overlord  
  84  5:45  Overlord x2  
  82  5:59  Roach x6  
  88  6:11  Roach x4  
  94  6:27  Hatchery, Roach x2  
  94  6:28  Roach x3  
  103  6:35  Burrow  
  103  6:36  Overlord  
  103  6:48  Roach x2  
  103  6:50  Overlord x3  
  107  7:03  Roach x4  
  115  7:20  Roach  
  115  7:21  Roach x5  
  127  7:28  Roach x2  
Show
View Real Time Build Order
Export as new Build Order

A.I. 1 (Easy) Terran 

Build Orders:  

Get SALT Encoding   

  12  0:00  SCV  
  13  0:13  SCV  
  14  0:17  Supply Depot  
  14  0:25  SCV  
  15  0:39  SCV  
  16  0:43  Barracks  
  16  1:08  Command Center  
  16  1:32  Supply Depot  
  16  1:33  Orbital Command, Marine  
  17  1:41  Refinery  
  17  1:51  Marine, Refinery  
  18  1:59  SCV  
  19  2:09  Marine  
  19  2:11  SCV  
  21  2:23  SCV  
  21  2:24  SCV  
  21  2:27  Barracks Tech Lab  
  23  2:35  SCV  
  23  2:36  SCV  
  25  2:44  Refinery  
  25  2:45  Reaper  
  26  2:56  Refinery  
  26  2:57  SCV  
  27  3:01  SCV  
  28  3:09  SCV  
  29  3:13  SCV  
  29  3:17  Marine  
  31  3:21  SCV  
  32  3:29  SCV, Supply Depot  
  32  3:34  SCV  
  34  3:35  Marine  
  35  3:42  SCV  
  36  3:51  SCV  
  36  3:53  Marine  
  36  3:55  SCV  
  39  4:00  Supply Depot  
  39  4:03  SCV  
  39  4:07  SCV  
  41  4:12  Marauder  
  41  4:15  SCV  
  44  4:22  SCV  
  45  4:24  Factory  
  45  4:33  Marauder  
  45  4:37  SCV  
  48  4:38  Supply Depot  
  48  4:42  SCV  
  49  4:50  SCV  
  50  4:54  SCV  
  50  4:55  Marauder  
  53  5:02  SCV, Supply Depot  
  53  5:06  SCV  
  55  5:09  Starport  
  55  5:14  SCV  
  56  5:16  Reaper  
  56  5:18  SCV  
  58  5:26  SCV  
  59  5:30  SCV  
  59  5:33  Supply Depot  
  60  5:38  SCV  
  60  5:42  SCV  
  62  5:48  Starport Tech Lab, Reaper  
  62  5:50  SCV  
  62  5:54  SCV  
  64  6:02  SCV  
  58  6:07  Viking  
  58  6:08  Supply Depot  
  53  6:15  SCV  
  49  6:19  SCV  
  49  6:22  Hellion  
  46  6:27  SCV  
  46  6:31  SCV  
  42  6:37  Raven  
  42  6:39  SCV  
  44  6:43  Hellion, SCV  
  45  6:51  SCV  
  40  6:57  Marauder  
  42  7:03  SCV  
  42  7:12  Hellion  
  39  7:15  SCV  
  34  7:24  Supply Depot  
  34  7:27  SCV  
Tags
 
League
Diamond
Matchup
TvZ
Opening
Pool First
Spawn Locations
Cross Positions
Add a new tag
Caveats
  • Supply blocks, unpowered buildings, or Contaminate may cause inaccurate times.
  • Supply counts are checked every 10 seconds.